 Dungeon Crawl Stone Soup version 0.15.2 (webtiles) character file.

5799 Goblin1989 the Slicer (level 10, 0/53 HPs)
             Began as a Vine Stalker Healer on Jan 5, 2017.
             Was a Believer of Elyvilon.
             Slain by Urug
             ... wielding a +4 war axe
              (17 damage)
             ... on Level 10 of the Dungeon.
             The game lasted 01:00:59 (10147 turns).

Goblin1989 the Slicer (Vine Stalker Healer)        Turns: 10147, Time: 01:00:59

HP   0/53        AC 13     Str 22      XL: 10   Next: 79%
MP   0/18        EV  3     Int 12      God: Elyvilon [**....]
Gold 297         SH 15     Dex 15      Spells:  0 memorised,  9 levels left

rFire  . . .     SeeInvis .     a - +0 cutlass
rCold  . . .     Clarity  .     O - +0 chain mail
rNeg   . . .     rCorr    .     F - +0 large shield
rPois  +         rRot     +     m - +0 helmet
rElec  .         Spirit   +     I - +1 cloak
SustAb .         Warding  .     (no gloves)
rMut   .         Stasis   .     (no boots)
Gourm  .                        (no amulet)
MR     +....                    y - ring of poison resistance
                                t - ring of flight

@: mighty, drained, somewhat resistant to hostile enchantments, extremely
unstealthy
A: fangs 3, regeneration 2, magic shield, antimagic bite, no device heal 3, rot
immunity
a: Lesser Healing, Lesser Self-Healing, Divine Protection, Purification,
Renounce Religion, Evoke Flight


You were on level 10 of the Dungeon.
You worshipped Elyvilon.
Elyvilon was pleased with you.
You were hungry.

You visited 1 branch of the dungeon, and saw 10 of its levels.

You collected 297 gold pieces.

Inventory:

Hand weapons
 a - a +0 cutlass (weapon)
 b - a +0 dagger
 r - a +0 blowgun {@w1}
 E - the +9 hammer "Sonkuun" {holy, Stlth+}
   (You found it on level 6 of the Dungeon)

   It has been blessed by the Shining One to cause great damage to the undead
   and demons.
   It makes you more stealthy.
Missiles
 s - 39 poisoned needles
 B - 14 curare-tipped needles
Armour
 m - a +0 helmet (worn)
 F - a +0 large shield (worn)
 I - a +1 cloak (worn)
 J - a +2 cloak
 O - a +0 chain mail (worn)
Magical devices
 u - a wand of polymorph (8)
 M - a wand of magic darts (17) {unknown}
Comestibles
 d - 10 bread rations {@e1}
 i - 4 meat rations {@e2}
 q - 2 beef jerkies
 G - 4 rotting chunks of ogre flesh {@w0}
Scrolls
 f - 2 scrolls of recharging {unknown}
 g - 2 scrolls of enchant weapon {unknown}
 h - 3 scrolls of amnesia {unknown}
 j - 5 scrolls of blinking
 k - 4 scrolls of enchant armour {unknown}
 n - 2 scrolls of fear
 o - 4 scrolls of magic mapping
 w - a scroll of brand weapon {unknown}
 x - a scroll of random uselessness {unknown}
 A - 2 scrolls of immolation {unknown}
 C - 2 scrolls of remove curse {@r2}
 D - 2 scrolls of fog {unknown}
 H - 5 scrolls of teleportation {!r, @r4}
 L - a scroll of identify {@r1}
Jewellery
 t - a ring of flight (left hand)
 y - a ring of poison resistance (right hand)
Potions
 c - 6 potions of curing {@q1}
 e - a potion of haste {unknown}
 p - a potion of magic
 v - a potion of brilliance
 z - a potion of confusion {!q}
 K - a potion of restore abilities


   Skills:
 + Level 5.9(5.4) Fighting
 * Level 10.3(9.8) Short Blades
 + Level 5.1(4.7) Armour
 - Level 1.7(1.2) Dodging
 + Level 5.3(4.8) Shields
 - Level 3.2(2.8) Invocations


You had 9 spell levels left.
You didn't know any spells.

Dungeon Overview and Level Annotations

Branches:
Dungeon (10/15)            Temple (0/1) D:5
    Orc: D:9-12        Lair: D:8-11

Altars:
Qazlal

Shops:
D:5 [

Annotations:
D:5 Menkaure
D:10 Nergalle, Urug


Innate Abilities, Weirdness & Mutations

You have razor-sharp teeth.
You heal very quickly.
When hurt, damage is shared between your health and your magic reserves.
Your bite disrupts and absorbs the magic of your enemies.
Potions and wands cannot restore your health.
You are immune to rotting.


Message History

Nergalle gestures at you while chanting.
Orcish apparitions take form around you.
Urug hits you with a runed war axe!
* * * LOW HITPOINT WARNING * * *
You block the spectral orc's attack. The spectral orc completely misses you.
The spectral orc warrior barely misses you.
You take 3 damage, and have 9/53 hp.
You now have 4/18 mp.
Use which ability? (? or * to list)
You are healed.
You are feeling hungry.
You block the spectral orc warrior's attack.
The spectral orc hits you but does no damage.
You block the spectral orc's attack.
You regained 7 hp, and now have 16/53 hp.
You now have 3/18 mp.
You hit Nergalle but do no damage. Your bite misses Nergalle.
Nergalle is almost dead.
You block the spectral orc warrior's attack. x2
You block the spectral orc's attack. Urug hits you with a runed war axe!!
You die...

...######........#
#. #... #........#
#. #... #........#
#. #... #........#
#. ##+#...
#>.......# #.
#......##........#
#.
#......#....>....#
#.
+....Zo#Z.......[#
#.
#.....o@Z........#
#.
#.....Z#Z........
#####.
+......#........
.......
#......#........
...... .
#......#.......
....... ...
#######......
...... ..
......... .......
.. .......# ###...
.#########
####......# #...


You could see Urug, Nergalle, 2 spectral orcs and 3 spectral orc warriors.

Vanquished Creatures
  A centaur warrior (D:10)
  A centaur zombie (D:8)
  Joseph (D:7)
  A slime creature (D:7)
  A hill giant zombie (D:8)
  4 yaks (D:9)
  A water moccasin (D:10)
  An orc warrior (D:9)
  A black bear (D:7)
  2 ogres
  An ice beast (D:8)
  2 phantoms
  3 centaurs (D:5)
  Sigmund (D:6)
  A giant frog (D:10)
  Blork the orc (D:5)
  A crocodile (D:9)
  6 scorpions
  A yak zombie (D:9)
  An eye of draining (D:9)
  A crimson imp (D:7)
  Crazy Yiuf (D:6)
  A gnoll shaman (D:7)
  2 iguanas
  12 jellies
  2 hounds
  4 orc priests
  17 orc wizards
  13 worker ants
  Ijyb (D:7)
  Terence (D:3)
  2 hound skeletons
  8 adders
  10 gnolls
  A scorpion zombie (D:6)
  A shadow imp (D:5)
  4 worms
  An adder zombie (D:7)
  7 giant geckos
  5 oozes
  38 orcs
  3 ball pythons
  A bat skeleton (D:5)
  A bat zombie (D:8)
  3 giant cockroaches
  13 hobgoblins
  10 jackals
  14 kobolds
  4 quokkas
  17 bats
  4 giant newts
  A giant newt skeleton (D:4)
  10 goblins
  A goblin zombie (D:5)
  2 hobgoblin skeletons
  A kobold zombie (D:8)
  10 rats
  A rat zombie (D:6)
260 creatures vanquished.

Vanquished Creatures (others)
  A fungus (D:7)
1 creature vanquished.

Grand Total: 261 creatures vanquished

Notes
Turn   | Place    | Note
--------------------------------------------------------------
     0 | D:1      | Goblin1989, the Vine Stalker Healer, began the quest for the Orb.
     0 | D:1      | Reached XP level 1. HP: 9/9 MP: 1/1
    42 | D:1      | Reached skill level 1 in Fighting
   213 | D:1      | Reached skill level 1 in Short Blades
   267 | D:1      | Reached XP level 2. HP: 14/14 MP: 3/3
   856 | D:2      | Reached XP level 3. HP: 9/18 MP: 5/5
  1137 | D:2      | Reached skill level 3 in Short Blades
  1137 | D:2      | Reached XP level 4. HP: 4/22 MP: 3/6
  1708 | D:3      | Noticed Terence
  1754 | D:3      | Killed Terence
  1979 | D:3      | Reached skill level 4 in Short Blades
  1979 | D:3      | Reached XP level 5. HP: 11/25 MP: 9/9
  2341 | D:3      | HP: 1/25 [poisoned by a kobold]
  2348 | D:3      | HP: 1/25 [poisoned by a kobold]
  2896 | D:4      | Reached skill level 5 in Short Blades
  2896 | D:4      | Gained mutation: You heal very quickly. [vine stalker growth]
  2896 | D:4      | Reached XP level 6. HP: 24/30 MP: 10/10
  3256 | D:4      | Reached skill level 6 in Short Blades
  3483 | D:4      | Reached XP level 7. HP: 31/33 MP: 11/11
  3583 | D:4      | Noticed an ogre
  3602 | D:4      | Killed an ogre
  4148 | D:5      | Entered Level 5 of the Dungeon
  4202 | D:5      | Reached skill level 1 in Armour
  4349 | D:5      | Noticed Blork the orc
  4369 | D:5      | Killed Blork the orc
  4537 | D:5      | Found Zeckyuka's Armour Boutique.
  4613 | D:5      | Reached skill level 1 in Shields
  4613 | D:5      | Gained mutation: You have razor-sharp teeth. [vine stalker growth]
  4613 | D:5      | Reached XP level 8. HP: 16/39 MP: 13/16
  4699 | D:5      | Reached skill level 7 in Short Blades
  4727 | D:5      | Found a staircase to the Ecumenical Temple.
  4736 | D:5      | Noticed Menkaure
  5901 | D:6      | Noticed Crazy Yiuf
  5906 | D:6      | Got a dazzling hammer
  5914 | D:6      | Killed Crazy Yiuf
  6130 | D:6      | Noticed Sigmund
  6160 | D:6      | Killed Sigmund
  6696 | D:7      | Reached skill level 8 in Short Blades
  6696 | D:7      | Reached XP level 9. HP: 34/44 MP: 14/17
  6717 | D:7      | Noticed Ijyb
  6731 | D:7      | Killed Ijyb
  6804 | D:7      | Found a stormy altar of Qazlal.
  6810 | D:7      | Noticed Joseph
  6855 | D:7      | HP: 1/45 [Joseph/uncursed quarterstaff (8)]
  6859 | D:7      | ReniFell: huyovo dratsya s jossy
  6861 | D:7      | Killed Joseph
  7406 | D:7      | Noticed a slime creature
  7427 | D:7      | Killed a slime creature
  7427 | D:7      | Reached skill level 9 in Short Blades
  7605 | D:8      | Noticed a centaur zombie
  7629 | D:8      | Killed a centaur zombie
  7629 | D:8      | Reached skill level 5 in Fighting
  7629 | D:8      | Reached XP level 10. HP: 49/51 MP: 18/18
  8152 | D:8      | Got a creamy pearl robe
  8632 | D:9      | Got a transparent robe
  8643 | D:9      | Identified the +2 robe "Toasai Tito" {Dex+3} (You found it on level 8 of the Dungeon)
  8653 | D:9      | Identified the +2 robe of Starol {+Inv rElec Curse} (You found it on level 9 of the Dungeon)
  9004 | D:9      | Identified the +9 hammer "Sonkuun" {holy, Stlth+} (You found it on level 6 of the Dungeon)
  9101 | D:9      | Reached skill level 10 in Short Blades
  9814 | D:10     | Entered Level 10 of the Dungeon
  9932 | D:10     | Noticed a centaur warrior
  9952 | D:10     | Killed a centaur warrior
  9952 | D:10     | Reached skill level 5 in Armour
  9952 | D:10     | Reached skill level 5 in Shields
 10126 | D:10     | Noticed Urug
 10129 | D:10     | Noticed Nergalle
 10147 | D:10     | Slain by Urug

Action                   |  1- 3 |  4- 6 |  7- 9 | 10-12 || total
-------------------------+-------+-------+-------+-------++-------
Melee: Dagger            |   162 |   426 |   228 |       ||   816
       Unarmed           |    18 |       |       |       ||    18
       Cutlass           |       |       |   373 |   265 ||   638
Invok: Lesser Self-Heali |       |     3 |     2 |     2 ||     7
Evoke: Wand              |       |       |     5 |       ||     5
  Use: Scroll            |       |       |     9 |     5 ||    14
       Potion            |       |       |       |     1 ||     1
  Eat: Chunk             |     1 |     8 |    13 |     8 ||    30
       Beef jerky        |       |       |     1 |       ||     1

Vault maps used:
D:1:      dpeg_arrival_subterranean_lakeside_camping
D:3:      uniq_terence
D:5:      minmay_temple_entry_crystal_x, first_bread, serial_shops,
          nicolae_shop_temple_entry_statues_fountains, uniq_blork_the_orc,
          uniq_menkaure
D:6:      uniq_crazy_yiuf_cottage, uniq_sigmund
D:7:      lemuel_slime, grunt_qazlal_clouds, uniq_iyjb, uniq_joseph
D:8:      serial_glass, glass_columns_c, glass_columns_b, feat_on_display,
          item_on_display_a
D:9:      kennysheep_small_circle
D:10:     erik_ogre, uniq_nergalle, uniq_urug
